[Event "8th Fischer Heraklion-GM 2022"]
[Site "Heraklion"]
[Date "2022.04.29"]
[Round "4.5"]
[White "Szwed, Jacek"]
[Black "Nikolaidis, Ioannis"]
[Result "1-0"]
[ECO "A48"]
[WhiteElo "2360"]
[BlackElo "2536"]
[Annotator "TA"]
[PlyCount "159"]
[EventDate "2022.04.18"]
[EventType "tourn"]
[EventCountry "GRE"]
[SourceTitle "playchess.com"]
[Source "ChessBase"]
[SourceQuality "1"]
[TimeControl "40/5400+30:1800+30"]

1. d4 Nf6 2. Bf4 g6 3. Nf3 Bg7 4. e3 O-O 5. Nbd2 d6 6. h3 Nc6 7. c3 Re8 8. Bb5 Bd7 9. O-O a6 10. Ba4 b5 11. Bc2 (11. Bb3 {seems wilder.} e5 12. Ng5 d5 13. Bg3) 11... e5 12. dxe5 Nxe5 13. a4 Qc8 14. Nxe5 dxe5 15. Bg5 Bc6 16. Bxf6 Bxf6 17. Be4 Bxe4 18. Nxe4 Bg7 19. axb5 Qb7 $1 20. Qf3 Qxb5 21. b4 a5 22. Rfb1 (22. Ng5 Qc4 23. Qe4 (23. bxa5 e4 $17) (23. Rxa5 Rxa5 24. bxa5 e4 $11) 23... Qxe4 24. Nxe4 f5 $11) 22... a4 23. Nc5 Bf8 24. Ne4 (24. Rd1 {keeps more tension.} a3 25. Rd7 Qc4 26. Ne4) 24... Be7 25. Ra3 f5 26. Ng3 Red8 27. e4 $2 ({White should play} 27. Rba1 $15) 27... f4 $19 28. Nf1 c5 29. c4 Qxc4 30. b5 Rd4 31. b6 (31. Rc3 {is a better defense.} Qa2 32. Rcc1) 31... Rb8 (31... Rxe4 $2 32. Nd2 Qd4 33. Nxe4 $18) 32. Qg4 Kf7 (32... Rxe4 33. Nd2 Qc2 34. Qe6+ Kf8 35. Ra2 $11) 33. h4 Qe6 (33... Rxe4 $2 34. Qd7 Qd4 35. Qa7 $19) 34. Qe2 Rxb6 35. Rxb6 Qxb6 36. h5 Qb1 37. hxg6+ hxg6 38. Rh3 $2 (38. Qa6 Qxe4 39. Rh3) 38... Qxe4 $2 (38... Kg7 {Strongly threatening ...c4.} 39. Ra3 Rxe4) 39. Rh7+ $2 (39. Qa6 g5 40. Rh8) 39... Kf6 $2 ({Stronger than} 39... Ke6 40. Qa6+ Rd6 41. Qc8+ Rd7 42. Qg8+ Kd6 43. Qb8+ Ke6 44. Qg8+ Kd6 45. Qb8+ Ke6 46. Qg8+ $11) (39... Kg8 $1 $19 40. Qxe4 Rxe4 41. Rxe7 Re1 42. Re8+ (42. Ra7 $2 e4 $19) 42... Kh7) 40. Qa6+ $1 $11 Rd6 41. Qa7 $1 Re6 42. Qb8 $1 Kg5 43. Qg8 $1 Qc6 $1 44. Qg7 $1 e4 45. g3 Bd6 46. Rh4 fxg3 $2 (46... Qc7 $11 47. gxf4+ Bxf4 48. Qh6+ Kf5 49. Rxf4+ Qxf4 50. Ne3+ Ke5 51. Nc4+ Kf5 52. Ne3+ Ke5 53. Nc4+ Kf5 54. Ne3+) 47. fxg3 $2 (47. Qh6+ $18 Kf6 48. Qh8+ Kg5 49. Ne3 gxf2+ 50. Kxf2 Rf6+ 51. Kg2 Rf2+ 52. Kxf2) 47... Qc7 48. Qh8 Bxg3 (48... Qb8 $5 49. Qh7 Bxg3 50. Qh6+ Kf5 51. Ne3+ Kf6 $17) 49. Qh6+ $1 Kf5 $2 (49... Kf6 $11 {and Black has nothing to worry.} 50. Rg4 Qg7 $1 51. Qg5+ Kf7 52. Nxg3 Qd4+ 53. Kg2 a3 54. Qf4+ Qf6 55. Qc7+ (55. Nxe4 Qxf4 56. Rxf4+ Ke7 $11) 55... Qe7) 50. Ne3+ $18 Ke5 51. Qh8+ Kd6 {[%emt 0:00:30] [#]} 52. Rh7 $1 Be5 53. Qg8 Qxh7 54. Qxh7 Bd4 55. Kf2 a3 56. Qa7 Ke5 (56... Rf6+ $142 57. Ke2 Rf3 58. Nc4+ Ke6 59. Nxa3 Rf2+ 60. Ke1 Rg2 61. Qa6+ Kf5 62. Qf1+ Rf2) 57. Ke2 $18 Bxe3 58. Kxe3 Kd5 59. Qa8+ Kd6 60. Qxa3 Kd5 61. Qb3+ Kd6 62. Qc4 g5 63. Qa6+ Ke7 64. Qa7+ Kd6 65. Qb6+ Ke7 (65... Kd5 $142 66. Qd8+ Kc6 67. Qxg5 Rd6 68. Kxe4 Rd4+ 69. Ke3 Kd6 70. Qg6+ Kc7) 66. Qxc5+ $18 Kf6 67. Qf8+ Kg6 68. Qg8+ Kf6 69. Qh8+ $2 (69. Qh7 Re8 70. Qh5) 69... Kf7 $2 (69... Kg6 70. Qg8+ Kf6) 70. Qh7+ Kf6 71. Qh6+ (71. Qh3 $142 {Black must now prevent Qh7.} Re8 72. Qf1+ Kg6 73. Qa6+ Kf5 74. Qb5+ Re5 75. Qf1+ Kg6 76. Qa6+ Kg7 77. Qa1) 71... Kf5 $18 72. Qg7 Ra6 $2 (72... Rf6 $18 73. Qd7+ Kg6 74. Kxe4 Rf2) 73. Qf7+ $2 (73. Qh7+ Kg4 74. Qxe4+ Kh5 75. Qe8+ Kh6 76. Qf7 Rg6 77. Ke4 Rg7 78. Qf5 Re7+ 79. Kf3) 73... Ke5 $2 (73... Rf6 $18 74. Qd7+ Kg6 75. Kxe4 Rf2 76. Qc6+ Rf6 77. Qe8+ Kh6) 74. Qc7+ $2 (74. Qe7+ {mates} Re6 75. Qxg5+ Kd6 76. Kd4 Kd7 77. Qf5 Ke7 78. Kd5 Rf6 79. Qxe4+ Kd7 80. Qg4+ Ke7 81. Qh4) 74... Rd6 $2 (74... Kf6 $18 75. Qc2 Re6) 75. Qc5+ Ke6 76. Kxe4 g4 77. Qf5+ Ke7 78. Ke5 Ra6 79. Qh7+ Kd8 80. Qd3+ 1-0

[Event "8th Fischer Heraklion-GM 2022"]
[Site "Heraklion"]
[Date "2022.04.30"]
[Round "5.1"]
[White "Nikolaidis, Ioannis"]
[Black "Korneev, Oleg"]
[Result "1/2-1/2"]
[ECO "C92"]
[WhiteElo "2536"]
[BlackElo "2521"]
[Annotator "TA"]
[PlyCount "23"]
[EventDate "2022.04.18"]
[EventType "tourn"]
[EventCountry "GRE"]
[SourceTitle "playchess.com"]
[Source "ChessBase"]
[SourceQuality "1"]
[TimeControl "40/5400+30:1800+30"]

1. e4 e5 2. Nf3 Nc6 3. Bb5 a6 4. Ba4 Nf6 5. O-O Be7 6. Re1 b5 7. Bb3 d6 8. c3 O-O 9. h3 Bb7 10. d4 Re8 {[%emt 0:00:02] [#]} 11. Ng5 $146 ({Predecessor:} 11. Nbd2 Bf8 12. a4 exd4 13. cxd4 Na5 14. Bc2 b4 15. b3 g6 16. Bb2 d5 17. e5 Nh5 18. Nf1 Rc8 19. Ne3 c5 20. dxc5 Rxc5 {1-0 (65) Giri,A (2772)-Le,Q (2709) chess24.com INT 2022}) 11... Rf8 12. Nf3 1/2-1/2

[Event "8th Fischer Heraklion-GM 2022"]
[Site "Heraklion"]
[Date "2022.04.30"]
[Round "5.2"]
[White "Materia, Marco"]
[Black "Szwed, Jacek"]
[Result "1-0"]
[ECO "D41"]
[WhiteElo "2398"]
[BlackElo "2360"]
[Annotator "TA"]
[PlyCount "59"]
[EventDate "2022.04.18"]
[EventType "tourn"]
[EventCountry "GRE"]
[SourceTitle "playchess.com"]
[Source "ChessBase"]
[SourceQuality "1"]
[TimeControl "40/5400+30:1800+30"]

1. d4 Nf6 2. c4 e6 3. Nf3 d5 4. Nc3 c5 5. cxd5 Nxd5 6. g3 cxd4 7. Nxd5 Qxd5 8. Qxd4 Nc6 {[%emt 0:01:57] D41: Queen's Gambit Declined: Semi-Tarrasch with 5 cxd5.} 9. Qxd5 exd5 10. Bg2 Be7 {[%emt 0:09:37] The position is equal.} 11. Bg5 {[%emt 0:03:39] [#]} Bf5 $146 ({Predecessor:} 11... Bc5 12. O-O Be6 13. Rfd1 O-O 14. Rac1 Bb6 15. Bf4 Rad8 16. Ne5 Nxe5 17. Bxe5 d4 {1-0 (31) Andersson,U (2545)-Vadasz,L (2505) Malgrat de Mar 1978}) 12. O-O Be4 13. Bxe7 Kxe7 14. Rfd1 Rac8 15. Rac1 Rhd8 16. Bh3 Rc7 (16... Rb8 $14) 17. Nd4 $16 {[%emt 0:10:17] And now Nb5 would win.} a6 {[%emt 0:06:40] Inhibits Nb5.} 18. f3 Bg6 19. Kf2 {[%emt 0:01:13] White is more active.} Rd6 (19... Re8 $16) 20. Rc5 $18 Rd8 21. b4 {[%emt 0:11:15] [#] b5 is the strong threat.} Kd6 22. Nxc6 bxc6 23. e4 $1 Rb8 (23... a5 {keeps fighting.}) 24. a3 (24. exd5 Rxb4 25. Ra5 Rb2+ 26. Kg1 cxd5 $11) 24... Rbb7 $2 {[%emt 0:01:37] [#]} (24... Ra7 {is tougher.} 25. exd5 cxd5 26. Rdxd5+ (26. Rcxd5+ Ke7 $18) 26... Ke7) 25. exd5 {[%emt 0:01:21] White is clearly winning.} cxd5 26. Rcxd5+ Ke7 27. Re1+ Kf6 28. Rd6+ Kg5 29. f4+ Kh5 30. f5 {[%emt 0:01:34] Weighted Error Value: White=0.01 (flawless) /Black=0.45} 1-0

[Event "8th Fischer Heraklion-GM 2022"]
[Site "Heraklion"]
[Date "2022.04.30"]
[Round "5.4"]
[White "Vaishali R"]
[Black "Milikow, Yoav"]
[Result "1-0"]
[ECO "C65"]
[WhiteElo "2411"]
[BlackElo "2383"]
[Annotator "TA"]
[PlyCount "55"]
[EventDate "2022.04.18"]
[EventType "tourn"]
[EventCountry "GRE"]
[SourceTitle "playchess.com"]
[Source "ChessBase"]
[SourceQuality "1"]
[TimeControl "40/5400+30:1800+30"]

1. e4 e5 2. Nf3 Nc6 3. Bb5 Nf6 4. d3 Bc5 5. Bxc6 dxc6 6. O-O {[%emt 0:00:10] C65: Ruy Lopez: Berlin Defence (3...Nf6), unusual lines and 4 0-0 Bc5.} Qe7 7. Nbd2 Bg4 8. a3 {[%emt 0:01:31] The position is equal.} Nd7 9. h3 Bh5 10. b4 Bd6 11. Nc4 f6 12. Ne3 Nf8 13. c4 {[%emt 0:19:12] [#] Threatens to win with c5.} Qd7 {[%emt 0:05:33] [#]} (13... b6 $11) 14. Nf5 $146 (14. c5 $14 Bxf3 15. Qxf3) ({Predecessor:} 14. c5 Be7 15. Nxe5 Bxd1 16. Nxd7 Be2 17. Re1 Bxd3 18. Nxf8 Rxf8 19. Nf5 Rf7 20. Bf4 {1-0 (42) So,W (2767)-Nakamura,H (2745) Chess.com INT 2020}) 14... Ne6 15. Be3 Bf8 16. Ng3 {[%emt 0:16:51] Pair of Knights!} Bf7 17. Qc2 h5 (17... c5 $5 ) 18. Rfd1 Nd4 (18... c5 $11) 19. Bxd4 $16 exd4 20. Nf5 h4 21. Qb2 (21. N3xd4 g6 22. Qb2 gxf5 23. Nxf5 Qe6 $17) 21... Bh5 {[%emt 0:02:30] [#] aiming for ...Bxf3.} 22. Qxd4 {[%emt 0:00:20] 0x0.00261726e58cdp-1022s more active pieces. The black rooks are badly placed.} Qe6 (22... Qxd4 $16 23. N5xd4 Bd6) 23. N5xh4 $18 Rh7 24. Re1 {[%emt 0:00:47] Strongly threatening e5.} Be7 25. e5 f5 26. Qf4 {[%emt 0:00:03] Prevents g5.} (26. Qe3 $18) 26... g6 $2 (26... g5 $1 $11 27. Qxf5 (27. Nxg5 Qh6 $14) 27... Qg8) 27. Ng5 Qd7 (27... Bxg5 28. Qxg5 Qe7) 28. Nxh7 {[%emt 0:00:10] Weighted Error Value: White=0.22 (precise) /Black=0.38} 1-0

[Event "8th Fischer Heraklion-GM 2022"]
[Site "Heraklion"]
[Date "2022.04.30"]
[Round "6.1"]
[White "Korneev, Oleg"]
[Black "Jahncke, Giso"]
[Result "1-0"]
[ECO "C54"]
[WhiteElo "2521"]
[BlackElo "2326"]
[Annotator "TA"]
[PlyCount "62"]
[EventDate "2022.04.18"]
[EventType "tourn"]
[EventCountry "GRE"]
[SourceTitle "playchess.com"]
[Source "ChessBase"]
[SourceQuality "1"]
[TimeControl "40/5400+30:1800+30"]

1. e4 e5 2. Nf3 Nc6 3. Bc4 Nf6 4. d3 Bc5 5. O-O d6 6. c3 a5 {[%emt 0:00:17] Inhibits b4. 6...h6 is setting a new trend. C54: Giuoco Piano: 4 c3 Nf6, main lines with 5 d4 and 5 d3.} 7. Nbd2 Ba7 8. Re1 O-O {[%emt 0:00:10] The position is equal.} 9. h3 Be6 10. Bb3 {[%emt 0:12:18] [#]} Bxb3 $146 ({Predecessor:} 10... Ne7 11. Bxe6 fxe6 12. Qb3 Qd7 13. d4 a4 14. Qc2 Nh5 15. dxe5 dxe5 16. Nc4 Rxf3 17. gxf3 {1-0 (44) Kazarian,A (2231)-Longson,S (2103) Baku 2016}) 11. Qxb3 Qd7 12. Nf1 h6 13. a4 Rfe8 14. Be3 Bxe3 15. Nxe3 Ne7 16. Rad1 ({Avoid the trap} 16. Qxb7 $2 Reb8 17. Qxa8 Rxa8 $19) 16... Ng6 17. Nh2 ({But not} 17. Qxb7 $2 Reb8 18. Qxa8 Rxa8 $19) 17... b6 18. Nhg4 Nxg4 19. hxg4 Nf4 20. g3 Ne6 21. Qc2 g6 ({Black should try} 21... b5 $15) 22. Kg2 Kg7 23. Rh1 Rh8 24. d4 {[%emt 0:00:56] [#] Strongly threatening dxe5.} exd4 (24... f6 $11) 25. cxd4 $14 c5 26. dxc5 bxc5 27. Qc3+ f6 28. Rd5 {[%emt 0:06:17] Threatens to win with Nc4. White is more active.} Rab8 $2 {[%emt 0:05:23][%mdl 8192] This move loses the game for Black.} (28... Nc7 $16 {was worth a try.}) 29. Rhd1 $18 Nd4 {[%emt 0:00:08] [#]} 30. Qxc5 dxc5 (30... Nb3 31. Qxd6) 31. Rxd7+ Kf8 {[%emt 0:00:09] Weighted Error Value: White=0.06 (flawless) /Black=0.39} 1-0

[Event "8th Fischer Heraklion-GM 2022"]
[Site "Heraklion"]
[Date "2022.04.30"]
[Round "6.2"]
[White "Milikow, Yoav"]
[Black "Samaridis, Konstantinos"]
[Result "1-0"]
[ECO "E39"]
[WhiteElo "2383"]
[BlackElo "2064"]
[Annotator "TA"]
[PlyCount "61"]
[EventDate "2022.04.18"]
[EventType "tourn"]
[EventCountry "GRE"]
[SourceTitle "playchess.com"]
[Source "ChessBase"]
[SourceQuality "1"]
[TimeControl "40/5400+30:1800+30"]

1. d4 Nf6 2. c4 e6 3. Nc3 Bb4 4. Qc2 O-O 5. Nf3 c5 6. dxc5 Na6 7. g3 Nxc5 8. Bg2 Nce4 9. O-O Nxc3 10. bxc3 Be7 11. e4 d6 12. e5 dxe5 13. Nxe5 Qc7 14. Qe2 Nd7 {[%emt 0:02:03] E39: Nimzo-Indian: Classical: 4...c5 5 dxc5 0-0.} 15. Bf4 {[%emt 0:00:40][%cal Oe5g6] [#] Strongly threatening Ng6!} Nxe5 16. Bxe5 Bd6 {[%emt 0:00:25] White has an edge.} 17. Rfe1 Bxe5 {[%emt 0:00:29] 17...Rb8 deserves study.} 18. Qxe5 {[%emt 0:00:03] [#]} Qe7 $146 (18... Qxc4 $11 19. Red1 a5) ({Predecessor:} 18... Qxe5 19. Rxe5 Rb8 20. Ra5 Bd7 21. Rxa7 Bc6 22. Bxc6 bxc6 23. Ra6 Rfd8 24. Rxc6 g6 {1-0 (46) Nakamura,H (2741)-Aronian,L (2772) Kolkata 2019}) 19. c5 f6 20. Qd6 (20. Qe3 $16) 20... Kf7 (20... Qxd6 $1 $11 {remains equal.} 21. cxd6 Rd8) 21. Rab1 $16 {[%emt 0:02:21] 0x0.00198fc8b721dp-1022s more active pieces. The black rooks are badly placed.} Qxd6 (21... Re8 $16 {keeps fighting.} 22. Qxe7+ Kxe7) 22. cxd6 $18 {[%emt 0:00:03] aiming for c4.} Rb8 (22... Rd8 {is a better defense.}) 23. c4 Rd8 (23... Bd7 {was called for.} 24. Bxb7 e5) 24. c5 e5 25. Bd5+ Kf8 $2 {[%emt 0:02:07] [#]} (25... Be6) 26. f4 b6 27. fxe5 Bf5 28. e6 Bxb1 29. e7+ {[%emt 0:00:06] White mates.} Ke8 30. exd8=Q+ Kxd8 31. c6 {[%emt 0:00:23] Weighted Error Value: White=0.19 (very precise) /Black=1.28} 1-0

[Event "8th Fischer Heraklion-GM 2022"]
[Site "Heraklion"]
[Date "2022.04.30"]
[Round "6.3"]
[White "Mitsis, Georgios"]
[Black "Vaishali R"]
[Result "0-1"]
[ECO "E01"]
[WhiteElo "2344"]
[BlackElo "2411"]
[Annotator "TA"]
[PlyCount "84"]
[EventDate "2022.04.18"]
[EventType "tourn"]
[EventCountry "GRE"]
[SourceTitle "playchess.com"]
[Source "ChessBase"]
[SourceQuality "1"]
[TimeControl "40/5400+30:1800+30"]

1. d4 Nf6 2. c4 e6 3. Nf3 d5 4. g3 Bb4+ 5. Bd2 Bd6 6. Nc3 {[%emt 0:02:00] E01: Catalan: Early deviations.} O-O {[%emt 0:00:26] The main line 6...0-0 scores better than 6...c6.} 7. Bg2 dxc4 8. e4 {[%emt 0:03:44] The position is equal.} Be7 {[%emt 0:00:37] [#]} 9. e5 $146 (9. Qe2 $11 {feels stronger.}) ({Predecessor:} 9. Qe2 a6 10. Qxc4 b5 11. Qe2 b4 12. Na4 Bd7 13. b3 Bb5 14. Qe3 Nbd7 15. Bf1 {0-1 (28) Kazakovskiy,V (2420)-Wojtaszek,R (2737) Antalya 2017}) 9... Nd5 $15 10. Ne4 Nc6 11. O-O f5 (11... b5 $15) 12. exf6 $1 $11 Nxf6 13. Nxf6+ Bxf6 14. Bc3 Qd6 15. Qa4 ({White should play} 15. Nd2 $11) 15... Rb8 $1 $15 {[%emt 0:01:56] Hoping for ...b5.} (15... Bxd4 16. Nxd4 Nxd4 17. Qxc4 $16) 16. Qxc4 b5 $1 17. Qb3 b4 $1 $36 {[%emt 0:12:17][%mdl 2048] Black is more active.} (17... Bxd4 $2 18. Rad1 b4 19. Bxd4 $18 (19. Rxd4 Nxd4 20. Bxd4 Bb7 $16)) 18. Bd2 Nxd4 19. Nxd4 Bxd4 20. Bf4 (20. Be3 $1 $11 {remains equal.}) 20... Rxf4 $17 {[%emt 0:01:32] Black keeps a firm grip on the game.} 21. gxf4 Qxf4 (21... Ba6 22. Rfe1 Bc8 23. f5 $16) 22. Rad1 c5 23. Qa4 Qf7 ({But not} 23... Bb7 $6 24. Bxb7 Rxb7 25. Qe8+ Qf8 26. Qxe6+ Kh8 27. b3 $11) 24. Rd3 Rb6 25. Rf3 (25. a3 $142) 25... Qe7 26. Qc2 e5 27. Rg3 Rf6 {[%emt 0:01:03] Active counter play!} (27... g6 $142 28. Bd5+ Kg7) 28. Bd5+ Kh8 {[%emt 0:00:06] Threatens to win with ...Ba6.} 29. b3 (29. Rf3 $17 {was necessary.}) 29... Ba6 $19 {[%emt 0:01:35] This bishop pair is nice.} 30. Bc4 ({Don't blunder} 30. Rh3 $2 h6 31. Bc4 Bb7 $19) 30... Bb7 {[%emt 0:00:13] Chess con chili.} 31. Qe2 g6 32. Qg4 (32. h3 $142) 32... Qf8 33. Rg2 Rf4 34. Qg3 Qf6 {[%emt 0:00:56] [#] aiming for ...Rf5.} 35. h3 (35. Qg5 {was called for.}) 35... Kg7 36. Kh2 $2 (36. Qg5) 36... h5 37. Rfg1 $2 (37. Qg5) 37... Bxg2 38. Rxg2 Bxf2 39. Qd3 Bd4 40. Bd5 {[%emt 0:00:00] Prevents e4.} Rf2 {[%emt 0:00:00] ( -> ...h4)} 41. Qg3 Rf4 $2 (41... h4 {mates} 42. Qg4 e4 43. Bc4 Rf3 44. Qd7+ Kh6 45. Qg4 Rc3 46. Be2 Qd6+ 47. Kh1 Rc1+ 48. Bd1 Be3 49. Qxh4+ Kg7 50. Rxg6+ Qxg6 51. Qe7+ Qf7 52. Qe5+ Kf8 53. Qh8+ Ke7 54. Qh4+ Kd6 55. Qd8+ Qd7 56. Qxd7+ Kxd7 57. Kg2 Rxd1 58. Kg3 Rg1+ 59. Kh2 Bf2 60. h4 e3 61. a4 e2 62. h5 e1=Q 63. h6 Qe5+ 64. Kh3 Qh5#) 42. Re2 $2 {[%emt 0:04:42][%mdl 8192] [#]} (42. Qd3 $11 e4 43. Bxe4) 42... e4 {[%emt 0:03:18] Weighted Error Value: White=1.21/Black=0.61} (42... h4 $142 43. Qg2 Rf1 44. Qe4 Rf2+ 45. Rxf2 Qxf2+ 46. Qg2 Qf4+ 47. Kh1 Qc1+ 48. Kh2 e4 49. Qg4 Qd2+ 50. Kh1 Qe1+ 51. Kh2 Bf2 52. Qd7+ Kh6 53. Qg4 Bg3+ 54. Qxg3 hxg3+ 55. Kg2 Qf2+ 56. Kh1 Qh2#) 0-1

[Event "8th Fischer Heraklion-GM 2022"]
[Site "Heraklion"]
[Date "2022.04.30"]
[Round "6.4"]
[White "Szwed, Jacek"]
[Black "Kapnisis, Spyridon"]
[Result "0-1"]
[ECO "B55"]
[WhiteElo "2360"]
[BlackElo "2450"]
[Annotator "TA"]
[PlyCount "134"]
[EventDate "2022.04.18"]
[EventType "tourn"]
[EventCountry "GRE"]
[SourceTitle "playchess.com"]
[Source "ChessBase"]
[SourceQuality "1"]
[TimeControl "40/5400+30:1800+30"]

1. e4 c5 2. Nf3 d6 3. d4 cxd4 4. Nxd4 Nf6 5. f3 e5 6. Nb3 d5 7. Bg5 {[%emt 0:00:46] B55: Sicilian: 2...d6 3 d4 cxd4 4 Nxd4 Nf6 5 f3.} d4 8. c3 Nc6 9. Bc4 {[%emt 0:34:27] The position is equal.} Be7 10. O-O O-O 11. Kh1 {[%emt 0:07:47] [#]} Qc7 $146 ({Predecessor:} 11... Qb6 12. cxd4 exd4 13. N1d2 Rd8 14. Bxf6 Bxf6 15. f4 Be6 16. Bxe6 fxe6 17. e5 Be7 {1-0 (38) Vereb,G (2170)-Krstulovic,A (1795) Budapest 2012}) 12. Na3 Rd8 13. cxd4 exd4 14. Bxf6 Bxf6 15. f4 d3 16. Qd2 (16. Nb5 $11 Qb6 17. e5) 16... Bg4 $15 17. Nb5 Qb6 18. e5 Be7 19. Nc3 $1 Bb4 20. Bxd3 Nd4 $1 {[%emt 0:04:48] Inhibits Qc2.} 21. Nc1 Nf5 $1 {[%emt 0:01:12][%mdl 1024] Inhibits Qe3. Black has compensation.} 22. Qe1 (22. Qf2 $15) 22... Ne3 $1 $19 23. Qh4 h5 {[%emt 0:02:10] Active counter play!} (23... Nxf1 24. Qxh7+ Kf8 25. Qh8+ Ke7 26. Qh4+ Kf8 27. Qh8+ Ke7 28. Qh4+ Kf8 29. Qh8+ $11) ({Black should try} 23... Bf5 $1 $19 24. Bxf5 Nxf5) 24. Rg1 $17 Rac8 25. Qf2 Bc5 $40 {[%emt 0:01:40][%cal Oe3d1][%mdl 128] White must now prevent ...Nd1! Black is out for blood.} 26. Na4 Nd1 {[%emt 0:00:07][%mdl 64] Discovered Attack} 27. Rxd1 (27. Qh4 $17 {was forced.} Nf2+ 28. Qxf2 Bxf2 29. Nxb6 Bxb6 30. Re1) 27... Bxf2 $19 {[%emt 0:01:05] This bishop pair is nice.} 28. Nxb6 Bxb6 (28... Bxd1 29. Nxc8 Rxc8 30. Ne2 Bxe2 31. Bxe2 $11) 29. Rf1 {[%emt 0:01:01] [#]} Rxc1 $1 {[%emt 0:00:36][%mdl 576] Remove Defender} 30. Raxc1 {[%emt 0:00:00] Hoping for Bc4.} Rxd3 31. f5 Re3 32. h3 Be2 33. Rfe1 Kh7 ({Weaker is} 33... Rxe5 34. Rc2 $16) 34. Rc2 Bd3 35. Rxe3 Bxc2 ({Resist} 35... Bxe3 36. Rc3 Bxf5 37. Rxe3 $18) 36. Rf3 Be4 37. Rf1 Bd5 {[%emt 0:00:22] Inhibits e6.} 38. b3 g6 39. Rd1 Bc6 40. e6 fxe6 41. fxe6 Bc5 42. Rf1 a5 43. Rf7+ Kg8 44. Rf6 {[%emt 0:00:51] [#]} Kg7 (44... Be8 $1 $19 {aiming for ...Kg7.} 45. Rf3 b6) 45. Rf7+ $11 Kg8 $2 (45... Kh6 $11) 46. Rf6 $1 $19 {[%emt 0:01:11] [#] White is now going downhill.} Be8 $1 47. Rf4 Kg7 48. h4 Be7 49. g3 $2 (49. Kg1 {was called for.}) 49... Bf6 (49... Bd6 $142 50. Rc4 Bxg3) 50. Kg2 Bc6+ 51. Kh3 $2 (51. Kf1) 51... Bd5 52. Kh2 Bxe6 53. Rf2 Kf7 54. Rc2 Bd8 {[%emt 0:01:15] Inhibits Rc7+.} 55. Rc5 Ke7 56. Rb5 b6 {[%emt 0:00:26][%cal Bb7b6,Bb6b5,Bb5a4][%mdl 32] Black is clearly winning.} 57. Re5 Kd6 58. Re2 Bf6 59. Rc2 b5 60. Kg2 (60. Rg2 $142 Bd5 61. Rd2) 60... Bd5+ 61. Kf2 a4 62. bxa4 bxa4 63. a3 Bd4+ 64. Ke2 Bc5 65. Rc1 Bb3 ({Avoid the trap} 65... Bxa3 $2 66. Ra1 Bc5 67. Rxa4 $19) 66. Ra1 Ke5 67. Kd3 Bf2 {[%emt 0:00:26] Weighted Error Value: White=0.28 (precise) /Black=0.20 (precise)} 0-1

[Event "8th Fischer Heraklion-GM 2022"]
[Site "Heraklion"]
[Date "2022.04.30"]
[Round "6.5"]
[White "Nikolaidis, Ioannis"]
[Black "Materia, Marco"]
[Result "1/2-1/2"]
[ECO "B48"]
[WhiteElo "2536"]
[BlackElo "2398"]
[Annotator "TA"]
[PlyCount "125"]
[EventDate "2022.04.18"]
[EventType "tourn"]
[EventCountry "GRE"]
[SourceTitle "playchess.com"]
[Source "ChessBase"]
[SourceQuality "1"]
[TimeControl "40/5400+30:1800+30"]

1. e4 c5 2. Nf3 e6 3. d4 cxd4 4. Nxd4 Nc6 5. Nc3 Qc7 6. Be3 a6 7. Qf3 {[%emt 0:00:50] 7.g4 is becoming the main line. B48: Sicilian: Taimanov: 5 Nc3 Qc7 6 Be3 a6 without Be2.} Ne5 (7... Ba3 {feels hotter.} 8. O-O-O Ne5 9. Qg3 Qxc3 10. bxa3 Ng6) 8. Qg3 b5 9. O-O-O {[%emt 0:07:44] White is slightly better.} Nf6 {[%emt 0:00:27] Threatens to win with ...b4.} 10. f4 Neg4 11. e5 ({White should play} 11. Bg1 $14) 11... Nxe3 $15 12. Qxe3 {[%emt 0:03:55] [#]} b4 $1 13. Ncb5 axb5 {[%emt 0:04:35] [#]} 14. exf6 $146 (14. Nxb5 $15 Qc6 15. exf6 gxf6 16. Qd4) ({Predecessor:} 14. Nxb5 Qc6 15. exf6 gxf6 16. Kb1 Bc5 17. Qg3 Kf8 18. f5 d5 19. fxe6 Bxe6 20. Nd4 {0-1 (52) Mihok,O (2532)-Pichot,A (2577) Chess.com INT 2017}) 14... Rxa2 $17 15. Bxb5 Ra1+ ({Worse is} 15... gxf6 16. Nb3 $15) 16. Kd2 Rxd1+ 17. Rxd1 gxf6 18. Nb3 {[%emt 0:08:03] Prevents Bc5.} Qb8 19. Be2 Bd6 20. g3 Bc7 21. Kc1 (21. Qd4 $15 {might be stronger.}) 21... Qb6 22. Qd2 f5 23. Nd4 Qa5 24. Nb3 {[%emt 0:00:59] Against Qa1+} Qb6 25. Nd4 $1 O-O 26. Nb5 {[%emt 0:01:16] [#]} b3 (26... Bd8 $1 $17 {And now ...Bf6 would win.} 27. Qd4 d5 28. Qxb6 Bxb6) 27. Nxc7 $11 Qxc7 28. Qc3 Qxc3 29. bxc3 bxc2 {[%emt 0:00:09][%mdl 4096] Endgame KRB-KRB} 30. Rd6 Rd8 31. Bb5 Kf8 32. c4 Ke7 33. c5 Rg8 34. Kxc2 h5 35. Kc3 h4 36. Rd3 ({Much worse is} 36. gxh4 Rh8 37. h5 Rxh5 $17) 36... Rh8 (36... Rg4 $15 {deserves consideration.}) 37. Kb4 $1 hxg3 38. hxg3 Rd8 39. Rd6 Bb7 (39... Rg8 $5 ) 40. Rb6 Bf3 41. Kc3 (41. Rd6 $15) 41... Rg8 ({Better is} 41... Rc8 $17 42. Kd4 Bc6 43. Bxc6 Rxc6) 42. Rd6 {[%emt 0:00:37] The position is equal.} Bc6 43. Bxc6 Rxg3+ 44. Kb4 dxc6 45. Rxc6 {[%emt 0:00:02] KR-KR} Kd7 46. Ra6 Kc7 47. Ra7+ Kc6 48. Ra6+ Kb7 49. Rd6 Kc7 50. Ra6 Rf3 51. Kb5 Rb3+ 52. Kc4 Rb1 53. Ra7+ Kc6 54. Ra6+ Kb7 55. Rd6 Rf1 56. Kb5 Kc7 57. Ra6 Rb1+ 58. Kc4 Rb7 59. Ra8 Kd7 60. Ra6 {[%emt 0:01:55] White wants to mate with c6+.} Kc7 61. Ra8 Kd7 62. Ra6 {[%emt 0:00:02] Threatening mate with c6+.} Kc7 63. Ra8 {[%emt 0:00:05] Weighted Error Value: White=0.10 (very precise) /Black=0.12 (very precise)} 1/2-1/2